 Dungeon Crawl Stone Soup version 0.26.1-11-gd32895ea62 (webtiles) character file.

Game seed: 1200797095258596239

13892 Annie the Protected (level 11, -11/154 HPs)
             Began as a Deep Dwarf Berserker on July 23, 2021.
             Was a High Priest of Trog.
             Mangled by a death scarab (21 damage)
             ... in a Gauntlet.
             The game lasted 00:53:46 (9785 turns).

Annie the Protected (Deep Dwarf Berserker)          Turns: 9785, Time: 00:53:46

Health: -11/154    AC: 22    Str: 20    XL:     11   Next: 81%
Magic:  11/11      EV: 10    Int:  7    God:    Trog [*****.]
Gold:   295        SH:  0    Dex: 16    Spells: 10/10 levels left

rFire    . . .     SeeInvis .   I - +6 quick blade (flame)
rCold    + . .     Faith    +   (no shield)
rNeg     + . .     Spirit   .   M - +4 chain mail {rC+}
rPois    +         Reflect  .   J - +0 helmet
rElec    .         Harm     .   N - +2 ratskin cloak {*Rats rPois rN+ Str-1 Int-1 Dex+1}
rCorr    .         Rampage  .   s - +0 pair of gloves
Will     +++..     NoTele   +   H - +0 pair of boots
Stlth    ..........             r - amulet of faith
HPRegen  1.00/turn              C - ring of wizardry
MPRegen  0.12/turn              (no ring)

@: berserking, non-regenerating, slowed
A: damage resistance, heal wounds, sense surroundings 2, no regeneration
a: Heal Wounds, Renounce Religion, Berserk, Trog's Hand, Brothers in Arms


You were in a Gauntlet.
You worshipped Trog.
Trog was extremely pleased with you.
You visited 2 branches of the dungeon, and saw 10 of its levels.
You also visited: Gauntlet.

You collected 519 gold pieces.
You spent 224 gold pieces at shops.

Inventory:

Hand Weapons
 a - a +2 flail of draining
 k - a +2 short sword of electrocution
 A - a +2 mace of holy wrath
 I - a +6 quick blade of flaming (weapon)
 P - a +4 dire flail
Missiles
 e - 355 stones (quivered)
 D - 2 boomerangs
Armour
 m - a +2 cloak
 s - a +0 pair of gloves (worn)
 E - a +0 plate armour
 H - a +0 pair of boots (worn)
 J - a +0 helmet (worn)
 M - a +4 chain mail of cold resistance (worn)
 N - the +2 ratskin cloak (worn) {*Rats rPois rN+ Str-1 Int-1 Dex+1}
   (You found it on level 8 of the Dungeon)

   It affects your strength (-1).
   It affects your intelligence (-1).
   It affects your dexterity (+1).
   It protects you from poison.
   It protects you from negative energy.
Jewellery
 r - an amulet of faith (around neck)
 y - an uncursed amulet of the acrobat
 C - a ring of wizardry (left hand)
Wands
 h - a wand of digging (3)
Scrolls
 b - 9 scrolls of remove curse
 d - 2 scrolls of enchant armour {unknown}
 i - a scroll of identify
 j - 5 scrolls of magic mapping
 l - 5 scrolls of teleportation
 n - 2 scrolls of fog {unknown}
 u - 3 scrolls of immolation
 w - a scroll of fear {unknown}
 x - a scroll of blinking {unknown}
 z - a scroll of enchant weapon {unknown}
 F - a scroll of amnesia {unknown}
Potions
 c - 3 potions of berserk rage {unknown}
 f - 2 potions of might {unknown}
 g - a potion of curing
 o - 4 potions of flight
 p - a potion of invisibility {unknown}
 q - 3 potions of haste
 t - 3 potions of lignification
 v - 2 potions of heal wounds {unknown}
 B - a potion of magic {unknown}
 G - 2 potions of brilliance {unknown}


   Skills:
 + Level 7.9 Fighting
 + Level 8.6 Short Blades
 + Level 7.5(8.4) Axes
 + Level 5.1(6.8) Maces & Flails
 + Level 7.4 Throwing
 + Level 9.2 Armour
 + Level 4.7 Dodging
 + Level 3.0 Stealth
 + Level 0.3 Evocations


You had 10 spell levels left.
You didn't know any spells.
Your spell library was empty.

Dungeon Overview and Level Annotations

Branches:
Dungeon (8/15)             Temple (0/1) D:6            Lair (2/6) D:8
 Spider (0/4) Lair:2      Gauntlet (1/1)
  Swamp: Lair:2-4    Shoals: Lair:2-4

Altars:
Ashenzari
Dithmenos
Elyvilon
Fedhas
Gozag
Hepliaklqana
Makhleb
Qazlal
Uskayaw
Vehumet
Zin
The Shining One

Shops:
D:5 (*(}   D:7 *

Annotations:
D:3 2 transporters, BorisBritva's ghost, amateur GrMo
D:7 1 runed translucent door Gauntlet 2 transporters


Innate Abilities, Weirdness & Mutations

You are resistant to damage.
You can heal yourself by infusing magical energy.
You passively map the area around you.
You do not regenerate.


Message History

The death scarab draws strength from your injuries!
The spectral death yak completely misses you.
You hit the spectral death yak. You burn the spectral death yak.
The spectral death yak is heavily damaged.
The death scarab bites you!
* * * LOW HITPOINT WARNING * * *
The death scarab draws strength from your injuries!
You hit the spectral death yak but do no damage.
The spectral death yak is heavily damaged.
The death scarab bites you.
* * * LOW HITPOINT WARNING * * *
The death scarab draws strength from your injuries!
You hit the spectral death yak. You burn the spectral death yak.
The spectral death yak is heavily damaged.
The death scarab closely misses you.
The spectral death yak gores you but does no damage.
You puncture the spectral death yak! You burn the spectral death yak.
The spectral death yak is severely damaged.
The death scarab bites you!!
You die...

......, ,* , ..
,#### *** * * , ..
#©.. ,,, ,, ## ###
** * #©##.. ,* + +
# ##.### * *, ,,
#.. ,#.##.## *,# +
#..#.#.#.#.#.#.#,
#..#..Z@©#.#.#.# ©
*,
###..#.#.#B#.#.#.#
, 8#..#.##.##.#.#..
+ #..#..##..##$#..
* #..#.....##.?#..
,, #..###########..
*
###§......©......≈
,
#8#∩...∩........≈8
, ,,
###≈......©......≈,
, ,


You could see a spectral death yak and a death scarab.

Vanquished Creatures
  Harold (D:7)
  2 hydras (Lair:1)
  Joseph (D:7)
  3 black mambas (Lair:2)
  5 cane toads (Lair:1)
  Maggie (D:7)
  3 komodo dragons
  A kobold demonologist (D:8)
  A troll (D:6)
  A polar bear (Lair:1)
  Sigmund (D:5)
  16 yaks
  3 basilisks
  Eustachio (D:4)
  Menkaure (D:5)
  3 water moccasins (Lair:1)
  An orc warrior (D:6)
  2 sky beasts
  A phantom (D:8)
  3 black bears
  An ice beast (D:6)
  5 ogres
  A centaur (D:6)
  7 bullfrogs
  A wyvern zombie (D:4)
  A gnoll sergeant (D:4)
  A howler monkey (D:5)
  5 wights
  3 bullfrog zombies
  7 hounds
  4 orc priests
  A bullfrog skeleton (D:8)
  2 gnoll shamans (D:4)
  5 jellies
  3 orc wizards
  Crazy Yiuf (D:5)
  Terence (D:2)
  3 iguanas
  A hell rat (D:8)
  14 worker ants
  31 gnolls
  5 adders
  6 river rats (D:8)
  3 shadow imps
  4 white imps (D:6)
  An ufetubus (D:8)
  3 oozes
  An adder skeleton (D:4)
  A worm (D:2)
  2 dart slugs
  8 leopard geckos
  20 orcs
  3 ball pythons
  6 bats
  5 giant cockroaches
  5 hobgoblins
  23 jackals
  2 quokkas
  5 frilled lizards
  3 goblins
  2 jackal skeletons
  6 kobolds
  A leopard gecko skeleton (D:7)
  A leopard gecko zombie (D:5)
  25 rats
290 creatures vanquished.

Vanquished Creatures (collateral kills)
  7 gnolls (D:4)
  A jackal (D:4)
8 creatures vanquished.

Vanquished Creatures (others)
  A demonic plant (Gauntlet)
  5 fungi
  8 plants
14 creatures vanquished.

Grand Total: 312 creatures vanquished

Notes
Turn   | Place    | Note
-------+----------+-------------------------------------------
     0 | D:1      | Annie the Deep Dwarf Berserker began the quest for the Orb.
     0 | D:1      | Reached XP level 1. HP: 20/20 MP: 1/1
   233 | D:1      | Reached XP level 2. HP: 25/27 MP: 2/2
   443 | D:1      | Reached ** piety under Trog
   524 | D:1      | Reached XP level 3. HP: 27/34 MP: 3/3
  1007 | D:2      | Found a stormy altar of Qazlal.
  1038 | D:2      | Found a radiant altar of Vehumet.
  1289 | D:2      | Reached skill level 1 in Throwing
  1463 | D:2      | Noticed Terence
  1478 | D:2      | Killed Terence
  1479 | D:2      | Reached XP level 4. HP: 40/42 MP: 4/4
  2128 | D:3      | Found a hazy altar of Hepliaklqana.
  2143 | D:3      | Found a transporter.
  2143 | D:3      | Noticed BorisBritva's ghost (amateur GrMo)
  2153 | D:3      | Found a transporter.
  2248 | D:3      | Noticed a necrophage
  2430 | D:3      | Found a broken altar of Ashenzari.
  2580 | D:3      | Reached skill level 3 in Armour
  2580 | D:3      | Reached XP level 5. HP: 30/49 MP: 5/5
  2596 | D:3      | Reached *** piety under Trog
  2869 | D:3      | Reached skill level 5 in Axes
  2965 | D:4      | Reached skill level 1 in Stealth
  2965 | D:4      | Reached XP level 6. HP: 37/57 MP: 6/6
  3525 | D:4      | Reached **** piety under Trog
  3526 | D:4      | Reached XP level 7. HP: 46/64 MP: 7/7
  3624 | D:4      | Reached skill level 4 in Armour
  3910 | D:4      | Reached XP level 8. HP: 60/73 MP: 8/8
  3927 | D:4      | Noticed Eustachio
  3958 | D:4      | Killed Eustachio
  4026 | D:4      | Identified the cursed +0 robe of Imperfection {rN+}
  4242 | D:4      | Found a hide-covered altar of Uskayaw.
  4243 | D:4      | Found a shadowy altar of Dithmenos.
  4281 | D:5      | Entered Level 5 of the Dungeon
  4351 | D:5      | Found Bonn's Weapon Boutique.
  4412 | D:5      | Found Pyttanae's General Store.
  4433 | D:5      | Found Tump's Antique Weapon Boutique.
  4521 | D:5      | Reached skill level 1 in Short Blades
  4620 | D:5      | Reached skill level 5 in Armour
  4647 | D:5      | Noticed Menkaure
  4660 | D:5      | Killed Menkaure
  4661 | D:5      | Reached skill level 5 in Fighting
  4694 | D:5      | Found a runed translucent door.
  4695 | D:5      | Noticed Crazy Yiuf
  4774 | D:5      | Found a white marble altar of Elyvilon.
  4846 | D:5      | Found Xethiow's Gadget Emporium.
  4914 | D:5      | Bought a wand of digging (4) for 224 gold pieces
  5094 | D:5      | Found an opulent altar of Gozag.
  5098 | D:5      | Noticed Sigmund
  5107 | D:5      | Killed Sigmund
  5299 | D:5      | Killed Crazy Yiuf
  5527 | D:6      | Gained mutation: You passively map the area around you.
                  | [Deep Dwarf growth]
  5527 | D:6      | Reached XP level 9. HP: 46/81 MP: 9/9
  5583 | D:6      | Reached skill level 1 in Maces & Flails
  5627 | D:6      | Reached skill level 6 in Armour
  5716 | D:6      | Reached ***** piety under Trog
  5938 | D:6      | Received a gift from Trog
  6034 | D:6      | Found a glowing golden altar of the Shining One.
  6153 | D:6      | Noticed a troll
  6165 | D:6      | Killed a troll
  6246 | D:6      | Found a staircase to the Ecumenical Temple.
  6717 | D:7      | Found a glowing silver altar of Zin.
  6718 | D:7      | Found a runed translucent door.
  6718 | D:7      | Noticed an angel
  6801 | D:7      | Noticed Joseph
  6831 | D:7      | Killed Joseph
  6832 | D:7      | Reached skill level 7 in Armour
  6852 | D:7      | Noticed Maggie
  6867 | D:7      | Killed Maggie
  6965 | D:7      | Noticed Harold
  6977 | D:7      | Reached XP level 10. HP: 68/91 MP: 10/10
  6990 | D:7      | Killed Harold
  6991 | D:7      | Reached skill level 5 in Maces & Flails
  6991 | D:7      | Reached skill level 5 in Throwing
  7102 | D:7      | Found the +3 robe of Folly {Archmagi, Will-- Int+5}
  7257 | D:7      | Found Synn's Assorted Antiques.
  7436 | D:8      | Found a staircase to the Lair.
  7475 | D:8      | Noticed an orange demon
  7598 | D:8      | Found the +2 ratskin cloak {*Rats rPois rN+ Str-1 Int-1
                  | Dex+1}
  7857 | D:8      | Reached skill level 5 in Short Blades
  8149 | D:8      | Found a burning altar of Makhleb.
  8409 | D:8      | Found a blossoming altar of Fedhas.
  8569 | Lair:1   | Entered Level 1 of the Lair of Beasts
  8686 | Lair:1   | Reached skill level 8 in Armour
  8833 | Lair:1   | Noticed a cane toad
  8842 | Lair:1   | Killed a cane toad
  8843 | Lair:1   | Reached XP level 11. HP: 43/99 MP: 11/11
  8939 | Lair:1   | Noticed a four-headed hydra
  8943 | Lair:1   | Noticed a five-headed hydra
  8953 | Lair:1   | Killed a five-headed hydra
  8976 | Lair:1   | Killed a four-headed hydra
  9536 | Lair:2   | Reached skill level 9 in Armour
  9713 | Lair:2   | Found a gate leading to a gauntlet.
  9755 | Gauntlet | Entered a Gauntlet
  9755 | Gauntlet | Found a transporter.
  9755 | Gauntlet | Found a transporter.
  9760 | Gauntlet | Noticed a death scarab
  9763 | Gauntlet | Found a transporter.
  9785 | Gauntlet | Mangled by a death scarab

Illustrated notes

Levels and vault maps discovered:
D:1:      lightli_arrival_quake, layout_basic
D:2:      layout_loops_corners, fiery_altar_vehumet, grunt_qazlal_clouds,
          uniq_terence
D:3:      layout_loops_corners, nzn_hepliaklqana_mist_gate,
          gammafunk_ghost_mausoleum, ashenzari_altar_1
D:4:      lemuel_castle_with_subvaults [lemuel_castle_interior_carwin_2],
          layout_basic, gammafunk_temple_overflow_statue, minmay_manual_moon,
          uniq_eustachio
D:5:      layout_basic, lemuel_doored_altar, lemuel_coloured_pillars_altar,
          serial_shops, kennysheep_mini, shop,
          nicolae_shop_temple_entry_statues_fountains, shop, kennysheep_boxes,
          uniq_crazy_yiuf_cottage, uniq_menkaure, uniq_sigmund
D:6:      layout_basic, nicolae_overflow_hidden_temple,
          minmay_temple_entry_offerings, grunt_decor_mini_mirrors,
          nzn_random_ring
D:7:      black_bear_nest_2, layout_basic, serial_shops, shop,
          lemuel_angel_altar, uniq_harold, uniq_maggie, uniq_joseph
D:8:      wander_guarded_unrand_ratskin, layout_loops_cross,
          makhleb_heckhound_becter, fedhas_altar_fruit_tree, lair_entry_dummy,
          serial_glass, glass_columns_c, glass_columns_a, feat_on_display,
          minmay_strange_pillars, feat_on_display,
          chequers_serial_rivers_small_b
Lair:1:   layout_misc_corridors, minmay_holes, lemuel_fruit_tree
Lair:2:   layout_misc_corridors, spider_nest_entry_rubble,
          gauntlet_entry_generic
Gauntlet: gammafunk_gauntlet_branching [gammafunk_gauntlet_arena_spirals,
          nicolae_gauntlet_arena_blocks, nicolae_gauntlet_swirl,
          minmay_gauntlet_arena_make_your_own_arena,
          gammafunk_gauntlet_arena_arrow_garden, gammafunk_gauntlet_arena_mazey,
          nicolae_gauntlet_arena_x, gammafunk_gauntlet_arena_split_diamond,
          gauntlet_exit_watery]

Skill      XL: |  1  2  3  4  5  6  7  8  9 10 11 |
---------------+----------------------------------+-----
Fighting       | 3 4 5 6 7 |  7.9
Axes           | 4 5 6 7 |  7.5
Throwing       | 1 2 4 6 7 |  7.4
Armour         | 3 4 5 7 8 9 |  9.2
Stealth        | 1 2 3 |  3.0
Dodging        | 3 4 |  4.7
Short Blades   | 2 4 6 8 |  8.6
Maces & Flails | 4 5 |  5.1
Evocations     | |  0.3

Action                   |  1- 3 |  4- 6 |  7- 9 | 10-12 || total
-------------------------+-------+-------+-------+-------++-------
Melee: Hand axe          |   104 |   223 |   126 |       ||   453
       Short sword       |       |       |    92 |       ||    92
       Mace              |       |       |   127 |       ||   127
       Quick blade       |       |       |    83 |   491 ||   574
Throw: Stone             |    57 |    78 |   126 |    94 ||   355
Invok: Berserk           |     1 |     4 |    12 |     5 ||    22
       Trog's Hand       |       |     2 |    11 |     7 ||    20
       Brothers in Arms  |       |       |     1 |       ||     1
 Abil: Heal Wounds       |     1 |       |     4 |     1 ||     6
Evoke: Wand              |       |       |       |     1 ||     1
  Use: Potion            |     1 |     2 |     2 |     1 ||     6
       Scroll            |       |     2 |     5 |     2 ||     9
Armor: Animal skin       |     1 |       |       |       ||     1
       Leather armour    |    13 |       |       |       ||    13
       Ring mail         |    13 |    86 |    13 |       ||   112
       Chain mail        |       |       |    74 |   146 ||   220
       Plate armour      |       |       |   137 |     1 ||   138
Dodge: Dodged            |    57 |   148 |   198 |   125 ||   528
